MLB
TEXAS RANGERS @ HOUSTON ASTROS
04/13/2030
 
TOP OF THE 1ST
Texas Rangers batting - Pitching for Houston Astros : RHP Tim Wood
Pitching: RHP Tim Wood
Batting: LHB Pavin Smith 0-0: Foul Ball, location: 7LMF
0-1: Ball
1-1: Ball
2-1: Called Strike
2-2: Ball
3-2: Fly out, F8 (Flyball, 8LXD, EV 95.6 MPH)
Batting: LHB Yeison Morrobel 0-0: Foul Ball, location: 9LDF
0-1: Foul Ball, location: 5DF
0-2: Foul Ball, location: 7LDF
0-2: Fly out, F7 (Flyball, 7D, EV 100.6 MPH)
Batting: LHB Mike Decker 0-0: Foul Ball, location: 5SF
0-1: Ball
1-1: Foul Ball, location: 25F
1-2: Foul Ball, location: 3FF
1-2: Ball
2-2: SOLO HOME RUN (Flyball, 89XD, EV 105.0 MPH), Distance : 413 ft
Batting: RHB Chris Baldino 0-0: Called Strike
0-1: Ball
1-1: DOUBLE (Line Drive, 89D, EV 100.6 MPH)
Batting: RHB Vladimir Guerrero Jr. 0-0: SINGLE (Line Drive, 7S, EV 103.8 MPH)
Chris Baldino to third
Runner from 3rd tries for Home, SAFE, throw by LF to home
Vladimir Guerrero Jr. to second
Batting: RHB Tony Salgado 0-0: Ground out 5-3 (Groundball, 56, EV 91.3 MPH)
Top of the 1st over - 2 runs, 3 hits, 0 errors, 1 left on base; Texas 2 - Houston 0
BOTTOM OF THE 1ST
Houston Astros batting - Pitching for Texas Rangers : RHP Ben Tornetta
Pitching: RHP Ben Tornetta
Batting: SHB Sergio Herrera 0-0: DOUBLE (Line Drive, 7LS, EV 90.0 MPH)
Batting: LHB Alex Gutierrez 0-0: Ball
1-0: Swinging Strike
1-1: Ball
2-1: Foul Ball, location: 2F
2-2: Ball
3-2: Ground out 4-3 (Groundball, 4D, EV 100.0 MPH)
Sergio Herrera to third
Batting: LHB Nate Mattero 0-0: Ball
1-0: Ball
2-0: Foul Ball, location: 7LSF
2-1: Foul Ball, location: 2RF
2-2: Foul Ball, location: 3FF
2-2: Fly out, F9 (Line Drive, 9, EV 98.1 MPH)
Runner from 3rd tags up, SCORES, throw by RF
Batting: LHB Austin Meadows 0-0: Called Strike
0-1: Ground out 6-3 (Groundball, 6, EV 85.0 MPH)
Bottom of the 1st over - 1 run, 1 hit, 0 errors, 0 left on base; Texas 2 - Houston 1
TOP OF THE 2ND
Texas Rangers batting - Pitching for Houston Astros : RHP Tim Wood
Batting: SHB Ben Bjorkman 0-0: Ball
1-0: Foul Ball, location: 2F
1-1: Ball
2-1: Foul Ball, location: 7LMF
2-2: Ball
3-2: Strikes out swinging
Batting: RHB Ed Duby 0-0: Called Strike
0-1: Ground out 6-3 (Groundball, 6, EV 101.3 MPH)
Batting: RHB Will Banfield 0-0: Called Strike
0-1: Ground out 5-3 (Groundball, 56, EV 86.3 MPH)
Top of the 2nd over - 0 runs, 0 hits, 0 errors, 0 left on base; Texas 2 - Houston 1
BOTTOM OF THE 2ND
Houston Astros batting - Pitching for Texas Rangers : RHP Ben Tornetta
Batting: LHB Eddie Cacho 0-0: Ball
1-0: Ball
2-0: Foul Ball, location: 3FF
2-1: Ball
3-1: Foul Ball, location: 2F
3-2: Strikes out swinging
Batting: SHB Steve Robinson 0-0: Foul Ball, location: 2F
0-1: Ball
1-1: Fly out, F8 (Flyball, 8RM, EV 98.8 MPH)
Batting: RHB Eric Lewis 0-0: Called Strike
0-1: Swinging Strike
0-2: Strikes out swinging
Bottom of the 2nd over - 0 runs, 0 hits, 0 errors, 0 left on base; Texas 2 - Houston 1
TOP OF THE 3RD
Texas Rangers batting - Pitching for Houston Astros : RHP Tim Wood
Batting: LHB Pavin Smith 0-0: Called Strike
0-1: Ball
1-1: Fly out, F8 (Flyball, 8LS, EV 88.1 MPH)
Batting: LHB Yeison Morrobel 0-0: Swinging Strike
0-1: Ball
1-1: Foul Ball, location: 7LMF
1-2: Ground out U3 (Groundball, 34, EV 86.9 MPH)
Batting: LHB Mike Decker 0-0: SINGLE (Groundball, 4S, EV 71.9 MPH) (infield hit)
Batting: RHB Chris Baldino 0-0: Called Strike
Mike Decker steals 2nd base
0-1: Foul Ball, location: 2F
0-2: Strikes out swinging
Top of the 3rd over - 0 runs, 1 hit, 0 errors, 1 left on base; Texas 2 - Houston 1
BOTTOM OF THE 3RD
Houston Astros batting - Pitching for Texas Rangers : RHP Ben Tornetta
Batting: RHB Eddie Foster 0-0: Ball
1-0: Swinging Strike
1-1: Called Strike
1-2: Ball
2-2: Foul Ball, location: 2F
2-2: Ground out 6-3 (Groundball, 6, EV 101.9 MPH)
Batting: LHB Cavan Biggio 0-0: Ball
1-0: Ball
2-0: Ball
3-0: Called Strike
3-1: Base on Balls
Batting: SHB Sergio Herrera 0-0: Ball
1-0: Ball
2-0: Called Strike
2-1: Foul Ball, location: 2RF
2-2: Strikes out swinging
Batting: LHB Alex Gutierrez 0-0: Ball
1-0: Ball
2-0: SINGLE (Line Drive, 6MD, EV 63.8 MPH)
Cavan Biggio to second
Runner from 2nd tries for 3rd, SAFE, no throw by CF
Batting: LHB Nate Mattero 0-0: Swinging Strike
0-1: Called Strike
0-2: Ball
1-2: Foul Ball, location: 9LDF
1-2: Ball
2-2: Strikes out swinging
Bottom of the 3rd over - 0 runs, 1 hit, 0 errors, 2 left on base; Texas 2 - Houston 1
TOP OF THE 4TH
Texas Rangers batting - Pitching for Houston Astros : RHP Tim Wood
Batting: RHB Vladimir Guerrero Jr. 0-0: Ground out 6-3 (Groundball, 6, EV 91.3 MPH)
Batting: RHB Tony Salgado 0-0: SINGLE (Line Drive, 9S, EV 95.6 MPH)
Batting: SHB Ben Bjorkman 0-0: Called Strike
0-1: Ball
1-1: Called Strike
1-2: Strikes out swinging
Batting: RHB Ed Duby 0-0: Ball
1-0: Ball
2-0: Ball
3-0: Base on Balls
Tony Salgado to second
Batting: RHB Will Banfield 0-0: Ball
1-0: Called Strike
1-1: Foul Ball, location: 2LF
1-2: Foul Ball, location: 5F
1-2: Ball
2-2: Strikes out swinging, 2-3 out at first.
Top of the 4th over - 0 runs, 1 hit, 0 errors, 2 left on base; Texas 2 - Houston 1
BOTTOM OF THE 4TH
Houston Astros batting - Pitching for Texas Rangers : RHP Ben Tornetta
Batting: LHB Austin Meadows 0-0: Ball
1-0: Called Strike
1-1: TRIPLE (Line Drive, 89XD, EV 111.9 MPH)
Batting: LHB Eddie Cacho 0-0: Foul Ball, location: 23F
0-1: Called Strike
0-2: Ball
1-2: Strikes out swinging
Batting: SHB Steve Robinson 0-0: Swinging Strike
0-1: Ground out 4-3 (Groundball, 4S, EV 95.0 MPH)
Austin Meadows scores
Batting: RHB Eric Lewis 0-0: Ball
1-0: Ball
2-0: Hit by Pitch
Pinch Runner at 1st Alex Bregman:
Batting: RHB Eddie Foster 0-0: Fielders Choice at 2nd, 6-4 (Groundball, 6, EV 85.6 MPH)
Bottom of the 4th over - 1 run, 1 hit, 0 errors, 1 left on base; Texas 2 - Houston 2
TOP OF THE 5TH
Texas Rangers batting - Pitching for Houston Astros : RHP Tim Wood
Batting: LHB Pavin Smith 0-0: Called Strike
0-1: Ball
1-1: Called Strike
1-2: Ball
2-2: Ball
3-2: Ground out 1-3 (Groundball, 13S, EV 63.1 MPH)
Batting: LHB Yeison Morrobel 0-0: Called Strike
0-1: Ball
1-1: Foul Ball, location: 2F
1-2: Foul Ball, location: 7LDF
1-2: Ball
2-2: Strikes out looking
Batting: LHB Mike Decker 0-0: Ball
1-0: Ball
2-0: Foul Ball, location: 2F
2-1: SOLO HOME RUN (Line Drive, 89XD, EV 105.6 MPH), Distance : 412 ft
Batting: RHB Chris Baldino 0-0: Swinging Strike
0-1: Foul Ball, location: 2F
0-2: Ball
1-2: Ball
2-2: Strikes out swinging
Top of the 5th over - 1 run, 1 hit, 0 errors, 0 left on base; Texas 3 - Houston 2
BOTTOM OF THE 5TH
Houston Astros batting - Pitching for Texas Rangers : RHP Ben Tornetta
Batting: LHB Cavan Biggio 0-0: SINGLE (Line Drive, 89M, EV 103.1 MPH)
Batting: SHB Sergio Herrera 0-0: Ball
1-0: Ball
2-0: Fielders Choice at 2nd, 4-6 (Groundball, 34, EV 86.3 MPH)
Batting: LHB Alex Gutierrez 0-0: Ball
1-0: Foul Ball, location: 2F
1-1: Fly out, F8 (Flyball, 8LD, EV 90.6 MPH)
Batting: LHB Nate Mattero 0-0: Ball
1-0: Ball
Sergio Herrera steals 2nd base (no throw)
2-0: Foul Ball, location: 2F
2-1: Ball
3-1: Called Strike
3-2: Base on Balls
Batting: LHB Austin Meadows 0-0: Ball
1-0: Ball
Wild Pitch!
Sergio Herrera to third
Nate Mattero to second
2-0: Ball
3-0: Base on Balls
Batting: LHB Eddie Cacho 0-0: SINGLE (Line Drive, 6D, EV 103.8 MPH)
Sergio Herrera scores
Nate Mattero to third
Austin Meadows to second
Runner from 3rd tries for Home, SAFE, throw by CF to home
Batting: SHB Steve Robinson 0-0: Called Strike
0-1: Called Strike
0-2: Ball
1-2: Foul Ball, location: 7LSF
1-2: Strikes out looking
Bottom of the 5th over - 2 runs, 2 hits, 0 errors, 2 left on base; Texas 3 - Houston 4
TOP OF THE 6TH
Texas Rangers batting - Pitching for Houston Astros : RHP Tim Wood
Batting: RHB Vladimir Guerrero Jr. 0-0: Foul Ball, location: 2F
0-1: Foul Ball, location: 5DF
0-2: Foul Ball, location: 25FF
0-2: Fly out, F7 (Flyball, 78M, EV 93.8 MPH)
Batting: RHB Tony Salgado 0-0: Ball
1-0: Ground out 4-3 (Groundball, 4M, EV 87.5 MPH)
Batting: SHB Ben Bjorkman 0-0: Called Strike
0-1: Ball
1-1: Ball
2-1: Ball
3-1: Foul Ball, location: 2F
3-2: Strikes out looking
Top of the 6th over - 0 runs, 0 hits, 0 errors, 0 left on base; Texas 3 - Houston 4
BOTTOM OF THE 6TH
Houston Astros batting - Pitching for Texas Rangers : RHP Ben Tornetta
Batting: RHB Alex Bregman 0-0: Ball
1-0: DOUBLE (Flyball, 8RXD, EV 103.1 MPH)
Batting: RHB Eddie Foster 0-0: Ground out U3 (Groundball, 23, EV 77.5 MPH)
Alex Bregman to third
Batting: LHB Cavan Biggio 0-0: Called Strike
0-1: Foul Ball, location: 7LMF
0-2: Fly out, F7 (Flyball, 7, EV 92.5 MPH)
Batting: SHB Sergio Herrera 0-0: Ball
1-0: Ball
2-0: TRIPLE (Flyball, 78XD, EV 97.5 MPH)
Alex Bregman scores
Pitching: RHP Wil Fonseca
Batting: LHB Alex Gutierrez 0-0: Ball
1-0: Ball
2-0: Ball
3-0: Called Strike
3-1: Base on Balls
Batting: LHB Nate Mattero 0-0: Ball
1-0: Ball
2-0: Called Strike
2-1: Ball
3-1: Base on Balls
Alex Gutierrez to second
Batting: LHB Austin Meadows 0-0: Called Strike
0-1: Ball
1-1: Foul Ball, location: 3F
1-2: Ball
2-2: Ball
3-2: Fly out, F9 (Line Drive, 9LM, EV 90.0 MPH)
Bottom of the 6th over - 1 run, 2 hits, 0 errors, 3 left on base; Texas 3 - Houston 5
TOP OF THE 7TH
Texas Rangers batting - Pitching for Houston Astros : RHP Tim Wood
Pitching: RHP Sixto Sanchez
Batting: RHB Ed Duby 0-0: Called Strike
0-1: Ball
1-1: Ball
2-1: Ground out 6-3 (Groundball, 6, EV 87.5 MPH)
Batting: RHB Will Banfield 0-0: Ball
1-0: Called Strike
1-1: Ball
2-1: Swinging Strike
2-2: Strikes out swinging
Batting: LHB Pavin Smith 0-0: Ball
1-0: Ball
2-0: Ball
3-0: Called Strike
3-1: Base on Balls
Batting: LHB Yeison Morrobel 0-0: Fly out, F8 (Flyball, 8RD, EV 102.5 MPH)
Top of the 7th over - 0 runs, 0 hits, 0 errors, 1 left on base; Texas 3 - Houston 5
BOTTOM OF THE 7TH
Houston Astros batting - Pitching for Texas Rangers : RHP Wil Fonseca
Batting: LHB Eddie Cacho 0-0: Foul Ball, location: 7LSF
0-1: Ball
1-1: Ball
2-1: Foul Ball, location: 25FF
2-2: Ball
3-2: DOUBLE (Line Drive, 78D, EV 99.4 MPH)
Pitching: LHP Josh Shelton
Batting: SHB Steve Robinson 0-0: Called Strike
0-1: Called Strike
0-2: Ball
1-2: Foul Ball, location: 2F
1-2: Ground out 3-1 (Groundball, 34D, EV 95.6 MPH)
Eddie Cacho to third
Batting: RHB Alex Bregman 0-0: Ball
1-0: Ball
2-0: Called Strike
2-1: Called Strike
2-2: Ball
3-2: Reached on error, E5 (Groundball, 56, EV 106.9 MPH)
Eddie Cacho scores
Batting: RHB Eddie Foster 0-0: Foul Ball, location: 23F
0-1: SINGLE (Groundball, 56D, EV 100.0 MPH)
Alex Bregman to second
Batting: LHB Cavan Biggio 0-0: Ball
1-0: Called Strike
1-1: Foul Ball, location: 7LSF
1-2: Ball
2-2: Ball
3-2: Fly out, F7 (Flyball, 78S, EV 91.3 MPH)
Batting: SHB Sergio Herrera 0-0: Foul Ball, location: 2F
0-1: Ball
1-1: SINGLE (Groundball, 56D, EV 107.5 MPH) (infield hit)
Alex Bregman to third
Eddie Foster to second
Batting: LHB Alex Gutierrez 0-0: Swinging Strike
0-1: Ball
1-1: Ball
2-1: Called Strike
2-2: SINGLE (Line Drive, 4MD, EV 96.9 MPH)
Alex Bregman scores
Eddie Foster to third
Sergio Herrera to second
Runner from 3rd tries for Home, SAFE, throw by CF to home
Batting: LHB Nate Mattero 0-0: Swinging Strike
0-1: Called Strike
0-2: Strikes out swinging
Bottom of the 7th over - 3 runs, 4 hits, 1 error, 2 left on base; Texas 3 - Houston 8
TOP OF THE 8TH
Texas Rangers batting - Pitching for Houston Astros : RHP Sixto Sanchez
Batting: LHB Mike Decker 0-0: Ball
1-0: SOLO HOME RUN (Flyball, 89XD, EV 100.0 MPH), Distance : 403 ft
Batting: RHB Chris Baldino 0-0: Ball
1-0: Ball
2-0: Ball
3-0: Fly out, F9 (Flyball, 8RS, EV 80.6 MPH)
Batting: RHB Vladimir Guerrero Jr. 0-0: Called Strike
0-1: Called Strike
0-2: Fly out, F4 (Popup, 34S, EV 91.3 MPH)
Batting: RHB Tony Salgado 0-0: Ball
1-0: Called Strike
1-1: Ball
2-1: Ground out 1-3 (Groundball, 34S, EV 68.1 MPH)
Top of the 8th over - 1 run, 1 hit, 0 errors, 0 left on base; Texas 4 - Houston 8
BOTTOM OF THE 8TH
Houston Astros batting - Pitching for Texas Rangers : LHP Josh Shelton
Pitching: RHP C.J. Lentz
Batting: LHB Austin Meadows 0-0: Ball
1-0: Swinging Strike
1-1: Ball
2-1: Fly out, F3 (Popup, 3F, EV 74.4 MPH)
Batting: LHB Eddie Cacho 0-0: Fly out, F7 (Flyball, 7S, EV 96.9 MPH)
Batting: SHB Steve Robinson 0-0: Foul Ball, location: 3F
0-1: Called Strike
0-2: Fly out, F9 (Flyball, 9D, EV 78.1 MPH)
Bottom of the 8th over - 0 runs, 0 hits, 0 errors, 0 left on base; Texas 4 - Houston 8
TOP OF THE 9TH
Texas Rangers batting - Pitching for Houston Astros : RHP Sixto Sanchez
Batting: SHB Ben Bjorkman 0-0: Ball
1-0: Ball
2-0: Foul Ball, location: 2RF
2-1: Ground out 3-1 (Groundball, 13, EV 100.0 MPH)
Batting: RHB Ed Duby 0-0: Ground out 6-3 (Groundball, 6, EV 89.4 MPH)
Pinch Hitting: RHB Doug Leah 0-0: Foul Ball, location: 2F
0-1: Foul Ball, location: 5DF
0-2: SOLO HOME RUN (Flyball, 89XD, EV 105.0 MPH), Distance : 403 ft
Batting: LHB Pavin Smith 0-0: Ball
1-0: Called Strike
1-1: Ball
2-1: Foul Ball, location: 2F
2-2: Foul Ball, location: 3DF
2-2: SINGLE (Line Drive, 78S, EV 110.0 MPH)
Pitching: RHP Mike Cendejas
Batting: LHB Yeison Morrobel 0-0: Foul Ball, location: 2F
0-1: Foul Ball, location: 23F
0-2: Ball
1-2: Ball
2-2: Foul Ball, location: 2F
2-2: Ball
3-2: Base on Balls
Pavin Smith to second
Batting: LHB Mike Decker 0-0: Called Strike
0-1: Foul Ball, location: 7LDF
0-2: Ball
1-2: Ball
2-2: Foul Ball, location: 2F
2-2: Foul Ball, location: 2F
2-2: Ball
3-2: Foul Ball, location: 25F
3-2: Ground out 4-3 (Groundball, 4, EV 85.6 MPH)
Top of the 9th over - 1 run, 2 hits, 0 errors, 2 left on base; Texas 5 - Houston 8
Wednesday, February 28th , 2024 - OOTP Baseball 24.7 Build 72